 Dungeon Crawl Stone Soup version 0.25-a0-364-ge76b031 (webtiles) character file.

Game seed: 15218816854086649887, levelgen mode: deterministic

218 Birdy the Chopper (level 6, -7/44 HPs)
             Began as a Formicid Gladiator on Jan 4, 2020.
             Was an Initiate of Wu Jian.
             Killed from afar by an electric eel (12 damage)
             ... with a bolt of electricity
             ... on level 4 of the Dungeon.
             The game lasted 00:03:00 (2588 turns).

Birdy the Chopper (Formicid Gladiator)              Turns: 2588, Time: 00:03:00

Health: -7/44      AC:  4    Str: 18    XL:     6   Next: 17%
Magic:  6/6        EV: 12    Int:  8    God:    Wu Jian [......]
Gold:   221        SH:  6    Dex: 14    Spells: 5/5 levels left

rFire    . . .     SeeInvis +   a - +0 war axe
rCold    . . .     Gourm    .   i - +2 buckler
rNeg     . . .     Faith    .   b - +1 leather armour
rPois    .         Spirit   .   (helmet unavailable)
rElec    .         Reflect  .   (no cloak)
rCorr    .         Harm     .   (no gloves)
MR       .....                  (no boots)
Stlth    +.........             (no amulet)
HPRegen  0.14/turn              (no ring)
MPRegen  0.10/turn              (no ring)

@: no status effects
A: permanent stasis, dig shafts and tunnels, four strong arms, antennae 3
a: Dig, Shaft Self, Renounce Religion


You were on level 4 of the Dungeon.
You worshipped Wu Jian.
Wu Jian was noncommittal.
You were not hungry.

You visited 1 branch of the dungeon, and saw 4 of its levels.

You collected 221 gold pieces.

Inventory:

Hand Weapons
 a - a +0 war axe (weapon)
Missiles
 c - 3 throwing nets (quivered)
 n - 3 atropa-tipped darts
Armour
 b - a +1 leather armour (worn)
 i - a +2 buckler (worn)
Jewellery
 o - an uncursed ring of magical power {unknown}
Wands
 m - a wand of random effects (17)
 p - a wand of flame (10)
Scrolls
 e - 3 scrolls of remove curse
 g - 2 scrolls of identify
 h - a scroll of enchant armour
 j - a scroll of fog
 k - 2 scrolls of enchant weapon
 l - 2 scrolls of amnesia
Potions
 f - 2 potions of flight
Comestibles
 d - 4 rations


   Skills:
 - Level 2.1 Fighting
 + Level 6.0 Axes
 - Level 2.0 Throwing
 - Level 2.6 Dodging
 - Level 2.4 Shields


You had 5 spell levels left.
You didn't know any spells.
Your spell library was empty.

Dungeon Overview and Level Annotations

Branches:
Dungeon (4/15)
 Temple: D:4-7

Altars:
Wu Jian


Innate Abilities, Weirdness & Mutations

You cannot be hasted, slowed, berserked, paralysed or teleported.
You can dig through walls and to a lower floor.
Your four strong arms can wield two-handed weapons with a shield.
You have a pair of large antennae on your head. (SInv)


Message History

p - a wand of flame (10)
There are no items here.
You open the door.
The electric eel shoots out a bolt of lightning at you!
The bolt of electricity hits you!
There is an open door here.
The electric eel shoots out a bolt of lightning at you!
The bolt of electricity hits you!
The electric eel shoots out a bolt of lightning at you!
The bolt of electricity hits you!
* * * LOW HITPOINT WARNING * * *
The bolt of electricity misses you.
The bolt of electricity hits the electric eel.
The electric eel completely resists.
Okay, then.
The electric eel shoots out a bolt of lightning at you!
The bolt of electricity hits you.
* * * LOW HITPOINT WARNING * * *
The bolt of electricity hits you!
You die...

.... #.....# .... #.....#
.... #####.# ####
#.#############
###########..............
.............############
..#######..#.#8P#≈≈;≈≈≈≈#
..# ##...#..#.......# ..#
#..©#©.@...⌠...+ ..#
##..#..#.......# ..#
##.#8P#;≈≈≈≈≈≈# ..#
#.############ ..#
#............. .##
############## .# .# ##


You could see 2 electric eels.

Vanquished Creatures
  A hound (D:4)
  A bullfrog skeleton (D:4)
  Jessica (D:3)
  A worker ant (D:4)
  4 adders
  2 worms
  3 dart slugs
  2 leopard geckos
  6 orcs (D:3)
  A ball python (D:1)
  A giant cockroach (D:1)
  5 goblins
  4 hobgoblins
  4 jackals (D:2)
  3 kobolds
  A quokka (D:2)
  5 bats
  5 frilled lizards
  7 rats
57 creatures vanquished.

Notes
Turn   | Place    | Note
-------+----------+-------------------------------------------
     0 | D:1      | Birdy the Formicid Gladiator began the quest for the Orb.
     0 | D:1      | Reached XP level 1. HP: 16/16 MP: 1/1
    72 | D:1      | Reached XP level 2. HP: 14/22 MP: 2/2
   343 | D:1      | Reached skill level 4 in Axes
   343 | D:1      | Reached XP level 3. HP: 21/27 MP: 3/3
  1022 | D:2      | Reached XP level 4. HP: 11/33 MP: 4/4
  1501 | D:3      | Noticed Jessica
  1509 | D:3      | Killed Jessica
  1509 | D:3      | Reached skill level 1 in Shields
  1657 | D:3      | Reached XP level 5. HP: 38/38 MP: 5/5
  1702 | D:3      | Reached skill level 5 in Axes
  1716 | D:3      | Found an ornate altar of the Wu Jian Council.
  1774 | D:3      | Became a worshipper of the Wu Jian Council
  2422 | D:4      | Reached XP level 6. HP: 36/44 MP: 6/6
  2476 | D:4      | Found a transporter.
  2500 | D:4      | Reached skill level 6 in Axes
  2588 | D:4      | Killed from afar by an electric eel

Levels and vault maps discovered:
D:1:      dpeg_arrival_arbitrary_b, layout_loops_cross, minmay_misc_feat_cross
D:2:      layout_loops_ring
D:3:      layout_basic, marbit_many_paths, first_ration, uniq_jessica
D:4:      gammafunk_steamed_eel, layout_basic, nicolae_overflow_hidden_temple,
          lemuel_doored_altar, serial_shops, nicolae_shop_statue_plus,
          uniq_robin

Skill      XL: |  1  2  3  4  5  6 |
---------------+-------------------+-----
Axes           | 4 5 6 |  6.0
Shields        | 2 |  2.4
Fighting       | |  2.1
Throwing       | |  2.0
Dodging        | |  2.6

Action                   |  1- 3 |  4- 6 || total
-------------------------+-------+-------++-------
Melee: War axe           |    76 |    87 ||   163
Invok: Lunge             |       |     3 ||     3
  Use: Scroll            |     6 |     3 ||     9
       Potion            |       |     3 ||     3
 Stab: Sleeping          |     1 |     1 ||     2
  Eat: Chunk             |       |     5 ||     5
Armor: Leather armour    |    15 |    16 ||    31
Dodge: Dodged            |    60 |    50 ||   110
Block: Buckler           |       |    22 ||    22

Table legend:
 A = Non-vault XP
 B = Vault XP
 C = Vault XP percentage of total XP
 D = Non-vault monster count
 E = Vault monster count
 F = Vault count percentage of total count
                 A         B        C        D         E       F
            +---------+---------+-------+---------+---------+-------
      Total |     272 |      40 |  12.8 |      55 |       2 |   3.5
            +---------+---------+-------+---------+---------+-------
        D:1 |      31 |       0 |   0.0 |      18 |       0 |   0.0
        D:2 |      41 |       0 |   0.0 |      14 |       0 |   0.0
        D:3 |      75 |      40 |  34.8 |      19 |       2 |   9.5
        D:4 |     125 |       0 |   0.0 |       4 |       0 |   0.0
            +---------+---------+-------+---------+---------+-------
